 Dungeon Crawl Stone Soup version 0.22.1-6-g1668fe2 (webtiles) character file.

37 redwoodhats the Charmwright (level 3, -9/32 HPs)
             Began as a Naga Skald on Jan 17, 2019.
             Mangled by Sigmund
             ... wielding a +0 scythe
              (14 damage)
             ... on level 2 of the Dungeon.
             The game lasted 00:07:38 (2000 turns).

redwoodhats the Charmwright (Naga Skald)            Turns: 2000, Time: 00:07:38

Health: -9/32      AC:  5    Str: 14    XL:     3   Next: 41%
Magic:  0/6        EV:  9    Int: 13    God:
Gold:   144        SH:  0    Dex: 10    Spells: 5/6 levels left

rFire    + . .     SeeInvis +     - Unarmed
rCold    . . .     Gourm    .   (no shield)
rNeg     . . .     Faith    .   i - +1 leather armour {rF+}
rPois    +         Spirit   .   d - +1 helmet
rElec    .         Reflect  .   (no cloak)
rCorr    .         Harm     .   (no gloves)
MR       .....                  (no barding)
Stlth    +.........             (no amulet)
HPRegen  0.10/turn              (no ring)
MPRegen  0.10/turn              (no ring)

@: infused, very slow
A: large, see invisible, deformed body, poison resistance, slowness 2, slow
metabolism 1, spit poison 1, AC +1
a: Spit Poison


You were on level 2 of the Dungeon.
You were not hungry.

You visited 1 branch of the dungeon, and saw 2 of its levels.

You collected 144 gold pieces.

Inventory:

Hand Weapons
 g - a +1 whip
 l - a +0 hunting sling
Armour
 a - a +0 leather armour
 d - a +1 helmet (worn)
 e - a +0 pair of gloves
 i - a +1 leather armour of fire resistance (worn)
 k - a +0 shield
 m - a cursed -2 leather armour
Jewellery
 j - a +4 ring of strength {unknown}
Scrolls
 f - a scroll of random uselessness {unknown}
 h - a scroll of remove curse {unknown}
Comestibles
 c - 6 rations


   Skills:
 + Level 2.2 Fighting
 + Level 1.5 Armour
 + Level 1.7 Dodging
 + Level 0.4 Stealth
 + Level 2.5 Unarmed Combat
 + Level 2.1 Spellcasting
 + Level 3.2 Charms


You had 5 spell levels left.
You knew the following spells:

 Your Spells              Type           Power        Failure   Level  Hunger
a - Infusion              Chrm           #...         9%          1    ##.....

Your spell library contained the following spells:

 Spells                   Type           Power        Failure   Level  Hunger
 Song of Slaying          Chrm           #.......     13%         2    ###....
 Shroud of Golubria       Chrm/Tloc      #.........   24%         2    ###....
 Regeneration             Chrm/Necr      #.........   43%         3    ####...
 Spectral Weapon          Hex/Chrm       #.......     43%         3    ####...


Dungeon Overview and Level Annotations

Branches:
Dungeon (2/15)

Altars:
Nemelex Xobeh
Sif Muna

Annotations:
D:2 Sigmund


Innate Abilities, Weirdness & Mutations

You cannot wear boots.
Your serpentine skin is tough. (AC +1)
You have supernaturally acute eyesight. (SInv)
Armour fits poorly on your strangely shaped body.
Your system is resistant to poisons. (rPois)
You cover ground very slowly.
You have a slow metabolism.
You can spit poison.


Message History

Sigmund is severely wounded.
You are no longer magically infusing your attacks.
You hit Sigmund.
Sigmund is almost dead.
Sigmund mumbles some strange words.
Sigmund flickers and vanishes for a moment.
You hit Sigmund.
Sigmund is almost dead.
Sigmund misses you.
You hit Sigmund.
Sigmund is almost dead.
Sigmund hits you with a scythe.
* * * LOW HITPOINT WARNING * * *
You barely miss Sigmund.
Sigmund is almost dead.
Casting: Infusion (safe; 9% risk of failure)
Confirm with . or Enter, or press ? or * to list all spells.
You begin infusing your attacks with magical energy.
Sigmund hits you with a scythe!
You die...

#.#.# #...†###........#
# #.#.#
#...............####
#...#
####.###........#...
##### #.# #........#.##
#######'###............
#..................#.#.
#..........#########.#.
#[.........# ####.#.
#####.@..### #......
#.@..# #.....# #....#
#.....# #....# #......
#....# #...... #....#
#...... #....# #......
#....########......
#........##.#.


You could see Sigmund (invisible).

Vanquished Creatures
  2 dart slugs (D:2)
  A leopard gecko (D:1)
  4 bats
  4 goblins
  4 hobgoblins
  3 jackals (D:2)
  A ball python (D:2)
  2 frilled lizards (D:1)
  3 kobolds
  7 rats
31 creatures vanquished.

Notes
Turn   | Place    | Note
-------+----------+-------------------------------------------
     0 | D:1      | redwoodhats the Naga Skald began the quest for the Orb.
     0 | D:1      | Reached XP level 1. HP: 19/19 MP: 3/3
   344 | D:1      | Reached XP level 2. HP: 20/26 MP: 1/5
   655 | D:1      | Reached skill level 1 in Armour
  1468 | D:2      | Reached XP level 3. HP: 25/32 MP: 2/6
  1628 | D:2      | Found a deep blue altar of Sif Muna.
  1628 | D:2      | Found a sparkling altar of Nemelex Xobeh.
  1803 | D:2      | Found a faded altar of an unknown god.
  1938 | D:2      | Noticed Sigmund
  2000 | D:2      | Mangled by Sigmund

Skill      XL: |  1  2 |
---------------+-------+-----
Armour         | 1 |  1.5
Fighting       | |  2.2
Dodging        | |  1.7
Stealth        | |  0.4
Unarmed Combat | |  2.5
Spellcasting   | |  2.1
Charms         | |  3.2

Action                   || total
-------------------------++-------
Melee: Unarmed           ||   144
       Punch             ||     4
 Cast: Infusion          ||     8
  Use: Scroll            ||     4
       Potion            ||     7
  Eat: Ration            ||     1
Armor: Leather armour    ||    64
Dodge: Dodged            ||    99
